Map: Oxide LE

Players

ShoWTimE - Winner!

  • Race: Protoss Protoss
  • Spawn Location: 7:00

TYTY (TY)

  • Race: Terran Terran
  • Spawn Location: 1:00

Event: TSL 6

VOD

Have the link to the VOD?

Description

Time

  • Played on: Dec. 12, 2020, 10:50 a.m.
  • Length: 11:58

All games in this series

Show
View Real Time Build Order
Export as new Build Order

ShoWTimE Protoss - Winner!

Build Orders: 1 Gate Expand, Phoenix Opening, Blink Stalkers, Colossus Rush 

Get SALT Encoding   

  12  0:00  Probe  
  13  0:12  Probe  
  14  0:16  Pylon  
  14  0:24  Probe (Chrono Boost)  
  15  0:36  Probe (Chrono Boost)  
  15  0:37  Gateway  
  16  0:44  Probe (Chrono Boost)  
  16  0:46  Assimilator  
  17  0:51  Probe  
  18  1:03  Probe  
  19  1:15  Probe  
  20  1:25  Cybernetics Core  
  20  1:33  Nexus  
  20  1:36  Probe  
  21  1:43  Pylon  
  21  1:48  Probe  
  21  1:51  Assimilator  
  22  1:59  Adept (Chrono Boost)  
  22  2:00  Probe  
  25  2:11  Shield Battery  
  25  2:12  Probe (Chrono Boost)  
  26  2:16  Warp Gate  
  26  2:22  Probe (Chrono Boost)  
  27  2:24  Sentry  
  27  2:27  Probe (Chrono Boost)  
  30  2:41  Probe (Chrono Boost)  
  31  2:45  Probe (Chrono Boost)  
  31  2:46  Twilight Council  
  33  2:53  Stalker  
  33  2:55  Probe x2 (Chrono Boost)  
  36  3:00  Probe (Chrono Boost)  
  36  3:03  Phoenix, Probe  
  38  3:10  Gateway  
  38  3:12  Probe  
  39  3:15  Probe  
  39  3:16  Blink (Chrono Boost)  
  40  3:23  Pylon  
  40  3:24  Probe  
  41  3:28  Assimilator, Probe  
  42  3:36  Probe  
  42  3:39  Robotics Facility  
  42  3:41  Probe  
  44  3:48  Probe  
  45  3:53  Probe  
  45  3:54  Assimilator  
  46  3:55  Pylon  
  46  4:00  Probe  
  47  4:05  Probe  
  48  4:10  Stalker x2  
  48  4:12  Probe  
  48  4:13  Pylon  
  53  4:17  Probe  
  54  4:24  Probe  
  54  4:26  Observer (Chrono Boost)  
  54  4:28  Robotics Bay  
  54  4:29  Probe  
  54  4:30  Pylon  
  57  4:36  Probe  
  58  4:40  Nexus  
  58  4:41  Probe  
  58  4:44  Observer (Chrono Boost)  
  60  4:48  Probe  
  60  4:51  Stalker x2  
  65  4:54  Probe  
  66  5:00  Phoenix  
  66  5:01  Observer (Chrono Boost), Probe  
  66  5:05  Charge, Pylon  
  66  5:07  Probe  
  69  5:13  Colossus (Chrono Boost), Probe  
  70  5:19  Probe  
  77  5:24  Forge  
  77  5:30  Gateway  
  77  5:31  Extended Thermal Lance, Gateway  
  77  5:35  Probe  
  78  5:42  Shield Battery  
  78  5:45  Sentry  
  78  5:47  Observer  
  80  5:50  Zealot  
  80  5:53  Colossus (Chrono Boost)  
  80  5:54  Gateway  
  88  6:00  Protoss Ground Weapons Level 1 (Chrono Boost)  
  88  6:11  Probe  
  88  6:12  Pylon, Probe x2  
  88  6:15  Sentry  
  88  6:16  Zealot, Gateway  
  95  6:20  Shield Battery  
  95  6:26  Zealot x2  
  99  6:35  Probe  
  99  6:36  Pylon  
  99  6:37  Colossus (Chrono Boost)  
  106  6:41  Gateway  
  106  6:43  Pylon  
  102  6:48  Zealot x3  
  102  6:57  Zealot x2  
  102  6:59  Probe x3  
  109  7:08  Templar Archives  
  109  7:09  Assimilator  
  109  7:10  Sentry, Zealot x2  
  109  7:11  Probe x3  
  109  7:13  Assimilator  
  118  7:17  Pylon  
  118  7:23  Probe  
  118  7:24  Immortal  
  118  7:25  Photon Cannon, Probe  
  124  7:36  Zealot x4  
  132  7:42  Gateway  
  132  7:43  Protoss Ground Weapons Level 2 (Chrono Boost)  
  132  7:44  Pylon  
  132  7:48  Phoenix  
  132  7:53  Pylon, Forge  
  132  7:58  Pylon  
  132  8:03  High Templar x2  
  132  8:04  Zealot x2  
  140  8:08  Warp Prism (Chrono Boost)  
  140  8:10  Archon  
  142  8:14  Pylon  
  142  8:15  High Templar  
  142  8:16  Zealot, High Templar  
  142  8:19  Nexus  
  148  8:21  Archon  
  148  8:22  Pylon  
  148  8:23  Protoss Ground Armor Level 1 (Chrono Boost)  
  148  8:26  Stalker x2  
  152  8:35  Immortal (Chrono Boost)  
  156  8:45  Photon Cannon  
  156  8:50  Stalker x2  
  156  8:51  Stalker x2  
  156  8:52  Observer  
  164  8:56  Shield Battery  
  164  8:59  Pylon  
  164  9:04  High Templar x2  
  164  9:05  Zealot x2  
  164  9:09  Archon  
  172  9:12  Probe  
  172  9:17  Probe x2, Disruptor  
  173  9:18  Pylon  
  178  9:24  Shield Battery, Probe  
  178  9:25  Pylon  
  179  9:32  High Templar x2  
  179  9:33  Zealot x4  
  179  9:37  Archon  
  191  9:43  Zealot x2  
  193  9:55  Gateway  
  191  10:00  Zealot x4  
  191  10:02  Disruptor  
  198  10:12  Zealot x2  
  200  10:27  Zealot x3  
  200  10:28  Zealot x2  
  171  10:35  Zealot x2  
  171  10:36  Zealot  
  171  10:38  Disruptor (Chrono Boost)  
  176  10:49  Zealot x5  
  186  10:56  Robotics Facility  
  186  11:09  Zealot x5  
  186  11:10  Zealot x3  
  200  11:15  Shield Battery  
  146  11:34  Zealot x4  
  146  11:35  Zealot x4  
Show
View Real Time Build Order
Export as new Build Order

TYTY Terran 

Build Orders: Reaper Expand 

Get SALT Encoding   

  12  0:00  SCV  
  13  0:12  SCV  
  14  0:17  Supply Depot  
  14  0:24  SCV  
  15  0:38  SCV  
  15  0:39  Barracks  
  16  0:43  Refinery  
  16  0:50  SCV  
  17  1:03  SCV  
  18  1:15  SCV  
  19  1:28  Orbital Command  
  19  1:29  Reaper  
  20  1:41  Command Center  
  20  1:49  Supply Depot  
  20  1:55  SCV  
  21  2:01  Marine  
  21  2:07  Factory  
  22  2:10  SCV  
  23  2:20  Bunker  
  23  2:22  SCV  
  24  2:23  Barracks Reactor  
  24  2:26  Refinery  
  24  2:34  SCV  
  24  2:46  SCV  
  25  2:52  Hellion  
  25  2:53  Orbital Command  
  25  2:57  Starport  
  27  3:00  Marine  
  27  3:03  SCV  
  29  3:05  Marine  
  30  3:14  Factory Tech Lab  
  30  3:15  SCV  
  30  3:19  Marine  
  32  3:23  SCV, Marine  
  34  3:27  SCV  
  35  3:35  SCV  
  35  3:36  Marine  
  35  3:39  Raven, SCV  
  40  3:41  Marine  
  40  3:42  Barracks  
  40  3:43  Factory Tech Lab  
  40  3:47  SCV  
  42  3:51  SCV  
  42  3:54  Supply Depot  
  43  3:57  Marine  
  43  3:59  SCV  
  46  4:05  SCV  
  46  4:06  Barracks  
  46  4:15  Marine x2  
  46  4:16  Supply Depot, SCV  
  49  4:18  Supply Depot, SCV  
  50  4:28  SCV  
  50  4:30  SCV  
  50  4:31  Starport Reactor, Refinery  
  52  4:35  Marine x2  
  52  4:37  Stimpack  
  56  4:38  Marauder  
  56  4:40  Supply Depot, SCV  
  57  4:49  SCV  
  56  4:53  Marine x2  
  56  4:56  Supply Depot  
  56  4:58  SCV  
  61  5:00  Marauder  
  61  5:02  Supply Depot  
  61  5:03  Marauder  
  63  5:08  Medivac  
  63  5:09  Medivac  
  63  5:10  Marine  
  63  5:11  SCV, Marine  
  63  5:12  SCV  
  63  5:13  Combat Shield  
  73  5:21  Marauder  
  73  5:23  SCV  
  73  5:25  Marauder  
  73  5:26  SCV  
  77  5:28  Marine x2  
  79  5:35  SCV  
  79  5:38  SCV  
  80  5:43  Engineering Bay  
  80  5:45  Marine  
  80  5:46  Marine  
  80  5:48  Factory Tech Lab  
  82  5:50  Medivac  
  82  5:55  Command Center  
  82  5:56  Supply Depot, Marine  
  85  5:58  Supply Depot  
  85  6:00  SCV x2  
  87  6:11  Siege Tank  
  87  6:12  SCV  
  87  6:13  Marine x2  
  87  6:14  Marine  
  87  6:16  Terran Infantry Weapons Level 1  
  87  6:17  Refinery  
  94  6:24  Supply Depot, SCV  
  93  6:33  Marauder x2, Marine  
  93  6:36  SCV x2  
  93  6:39  Viking  
  91  6:55  Marauder x2, Marine  
  91  6:56  Marine  
  91  6:58  Siege Tank  
  96  7:02  Viking  
  96  7:03  Concussive Shells  
  98  7:09  Orbital Command  
  98  7:10  Viking  
  98  7:15  Marine x2  
  102  7:17  Barracks  
  102  7:19  Barracks  
  102  7:21  Marauder x2  
  106  7:27  SCV x2  
  106  7:28  Missile Turret  
  108  7:32  Siege Tank  
  108  7:34  Viking  
  113  7:40  SCV x3  
  113  7:41  Missile Turret  
  113  7:44  Marine x2  
  117  7:46  Marauder  
  117  7:48  Marauder  
  122  7:52  Supply Depot, SCV  
  122  7:55  SCV x2  
  122  7:58  Viking  
  127  8:04  SCV, Marine x2  
  130  8:06  Barracks Reactor, Barracks Tech Lab  
  130  8:10  Terran Infantry Armor Level 1  
  132  8:13  Siege Tank, Viking  
  132  8:15  Refinery  
  132  8:16  SCV  
  132  8:17  Supply Depot x2  
  132  8:19  Marauder x2  
  140  8:23  Marine  
  141  8:27  Supply Depot  
  141  8:29  Supply Depot  
  141  8:38  Marine  
  141  8:39  Marauder, Viking  
  141  8:40  Supply Depot x2  
  146  8:42  Supply Depot  
  146  8:43  Bunker, Marine x3  
  146  8:46  Supply Depot, Marauder  
  146  8:47  Marauder  
  153  8:49  Siege Tank  
  153  8:53  Viking  
  158  8:56  Marine  
  158  9:00  Marine  
  158  9:01  Marine x2  
  162  9:04  Marine  
  162  9:07  Supply Depot  
  163  9:11  Armory, Viking  
  163  9:14  Engineering Bay  
  165  9:19  Marauder x3, Marine  
  165  9:20  Marine  
  173  9:25  Siege Tank  
  173  9:29  Marine  
  173  9:30  Marine  
  178  9:35  Missile Turret  
  178  9:44  Marauder x3, Marine x2  
  186  9:47  Marine  
  186  9:49  Viking  
  186  9:51  Viking  
  191  9:57  Marine  
  192  10:02  Marine  
  192  10:05  Marauder, Marine x2  
  193  10:16  Siege Tank  
  192  10:23  Marauder x2, Marine x2  
  174  10:35  Marine  
  174  10:36  Marauder, Marine  
  174  10:41  Viking x2, Marine x2  
  174  10:42  SCV x2  
  185  10:45  Marauder  
  185  10:47  SCV  
  188  10:54  SCV  
  189  11:02  Marauder x2, Marine x2  
  188  11:11  Siege Tank, Viking x2  
  179  11:12  Marine x2  
  179  11:18  SCV x2  
  185  11:20  Marine x2  
  185  11:21  Marine  
  185  11:23  Marine  
  189  11:30  Marauder, Marine x2  
  164  11:38  Marine x2  
  128  11:44  SCV x3  
Tags
 
Add a new tag
Caveats
  • Supply blocks, unpowered buildings, or Contaminate may cause inaccurate times.
  • Supply counts are checked every 10 seconds.